 Dungeon Crawl Stone Soup version 0.29.1-2-gbd0b4ee654 (webtiles) character file.

Game seed: 14648543723919784451

1 zermelo the Cudgeller (level 1, 0/19 HPs)
             Began as a Meteoran Cinder Acolyte on Nov 30, 2022.
             Was a High Priest of Ignis.
             Slain by a jackal (1 damage)
             ... on level 1 of the Dungeon.
             The game lasted 00:00:15 (43 turns).

zermelo the Cudgeller (Meteoran Cinder Acolyte)       Turns: 43, Time: 00:00:15

Health: 0/19       AC:  2    Str: 15    XL:     1   Next: 28%
Magic:  3/3        EV: 11    Int: 15    God:    Ignis [*****.]
Gold:   0          SH:  0    Dex:  9    Spells: 2/2 levels left

rFire   + . .      SeeInvis .   a - -1 mace (flame)
rCold   . . .      Faith    .   (no shield)
rNeg    . . .      Spirit   .   b - +0 robe
rPois   .          Reflect  .   (no helmet)
rElec   .          Harm     .   (no cloak)
rCorr   .          Rampage  .   (no gloves)
Will    .....                   (no boots)
Stlth   +.........              (no amulet)
HPRegen 0.06/turn               (no ring)
MPRegen 0.08/turn               (no ring)

@: glowing
A: sense surroundings 1, otherworldly, glowing, explore regen
a: Renounce Religion, Fiery Armour, Foxfire Swarm, Rising Flame


You were on level 1 of the Dungeon.
You worshipped Ignis.
Ignis was extremely pleased with you.
You visited 1 branch of the dungeon, and saw 1 of its levels.

Inventory:

Hand Weapons
 a - a -1 mace of flaming (weapon)
Armour
 b - a +0 robe (worn)


   Skills:
 + Level 3.3 Fighting
 + Level 4.0 Maces & Flails
 + Level 1.4 Spellcasting
 + Level 3.6 Fire Magic


You had 2 spell levels left.
You didn't know any spells.
Your spell library contained the following spells:

 Spells                   Type           Power      Damage    Failure   Level
 Scorch                   Fire           24%        2d6       8%          2
 Olgreb's Toxic Radiance  Pois           1%         N/A       93%         4
 Ozocubu's Refrigeration  Ice            0%         4d7       100%        7
 Ignition                 Fire           6%         3d4       100%        8


Dungeon Overview and Level Annotations

Branches:
Dungeon (1/15) Zot: 553

Altars:


Innate Abilities, Weirdness & Mutations

You passively map a small area around you.
You are easily found by Zot.
You glow in the dark.
You regain HP and MP as you explore.


Message History

The hobgoblin is severely wounded.
A jackal comes into view. x2
The jackal bites you but does no damage.
The hobgoblin hits you. The jackal closely misses you.
The jackal moves out of view.
You hit the hobgoblin but do no damage.
The hobgoblin is severely wounded.
The jackal bites you. The hobgoblin barely misses you.
The jackal closely misses you. The hobgoblin hits you.
You closely miss the hobgoblin.
The hobgoblin is severely wounded.
The jackal completely misses you.
The hobgoblin hits you but does no damage.
You barely miss the hobgoblin.
The hobgoblin is severely wounded.
A jackal comes into view.
The jackal closely misses you. The hobgoblin closely misses you.
A rat comes into view.
You hit the hobgoblin but do no damage.
The hobgoblin is severely wounded.
The jackal bites you but does no damage.
The jackal bites you. The hobgoblin hits you.
* * * LOW HITPOINT WARNING * * *
The jackal closely misses you.
You hit the hobgoblin but do no damage.
The hobgoblin is severely wounded.
The jackal bites you but does no damage.
The hobgoblin hits you.
* * * LOW HITPOINT WARNING * * *
The jackal bites you but does no damage.
You sock the hobgoblin! You burn the hobgoblin.
You kill the hobgoblin!
The jackal barely misses you.
The jackal bites you but does no damage.
The jackal closely misses you. The jackal bites you.
* * * LOW HITPOINT WARNING * * *
You hit the jackal. You burn the jackal.
You kill the jackal!
The jackal bites you.
You die...

#............# *
##............##,
,##.....####.....#*
#....### ###...# *
#.##.# ##..#
#.#..### ###...#, *
,*,
#.#....####<....# *
*
##.#............##,
,
,#h@#............#,
, #h†##....##....##
, ....h##...)....##
........###....###
, *
.....#.#..r,######
.##.##. #... , *#.
.. *#... *, #* #.,,
.... , , ,


You could see 3 jackals and a rat.

Vanquished Creatures
  A hobgoblin (D:1)
  A jackal (D:1)
2 creatures vanquished.

Notes
Turn   | Place    | Note
-------+----------+-------------------------------------------
     0 | D:1      | zermelo the Meteoran Cinder Acolyte began the quest for the
                  | Orb.
     0 | D:1      | Reached XP level 1. HP: 19/19 MP: 3/3
    43 | D:1      | Slain by a jackal

Illustrated notes

Levels and vault maps discovered:
D:1:      minmay_arrival_loop, layout_rooms, serial_shops, shop, st_stairs_8,
          nicolae_grassy_gnolls

Action                   || total
-------------------------++-------
Melee: Mace              ||    11
Armor: Robe              ||     6
Dodge: Dodged            ||    11
